 Dungeon Crawl Stone Soup version 0.26-a0-1040-gbe3abf3417 (webtiles) character file.

Game seed: 1922513867636411497

122 Dracia the Chiller (level 5, -1/31 HPs)
             Began as a Merfolk Ice Elementalist on Dec 11, 2020.
             Was an Initiate of Hepliaklqana.
             Slain by an ufetubus (2 damage)
             ... on level 6 of the Dungeon.
             The game lasted 00:06:24 (3424 turns).

Dracia the Chiller (Merfolk Ice Elementalist)       Turns: 3424, Time: 00:06:25

Health: -1/31      AC:  4    Str:  9    XL:     5   Next: 6%
Magic:  5/8        EV: 12    Int: 15    God:    Hepliaklqana [......]
Gold:   247        SH:  0    Dex: 14    Spells: 1/8 levels left

rFire    . . .     SeeInvis .   i - +1 spear
rCold    . . .     Faith    .   (no shield)
rNeg     + . .     Spirit   .   k - +0 troll leather armour
rPois    .         Reflect  .   (no helmet)
rElec    .         Harm     .   (no cloak)
rCorr    .         Rampage  .   (no gloves)
Will     .....                  (no boots)
Stlth    ++........             (no amulet)
HPRegen  0.50/turn              N - ring of positive energy
MPRegen  0.11/turn              (no ring)

@: frozen ramparts
A: change form in water, swift swim, stealthy swim, reduced essence
a: Recall Ancestor, Ancestor Identity, Renounce Religion


You were on level 6 of the Dungeon.
You worshipped Hepliaklqana.
Hepliaklqana was noncommittal.
You visited 1 branch of the dungeon, and saw 5 of its levels.

You collected 247 gold pieces.


   Skills:
 * Level 3.4 Polearms
 - Level 2.6 Dodging
 - Level 2.1 Stealth
 - Level 2.0 Spellcasting
 + Level 6.1 Ice Magic


You had one spell level left.
You knew the following spells:

 Your Spells              Type           Power        Failure   Level
o - Ozocubu's Armour      Ice            ###.....     8%          3
r - Frozen Ramparts       Ice            ###...       8%          3
z - Freeze                Ice            ###.         2%          1

Your spell library contained the following spells:

 Spells                   Type           Power        Failure   Level
 Hailstorm                Conj/Ice       ##......     65%         4
 Summon Ice Beast         Ice/Summ       ##......     65%         4

Inventory:

Hand Weapons
 b - a +0 dagger
 i - a +1 spear (weapon)
Armour
 a - a +0 robe
 k - a +0 troll leather armour (worn)
Jewellery
 N - a ring of positive energy (left hand)
Scrolls
 c - 5 scrolls of identify {@r1@r1}
 g - 2 scrolls of magic mapping
 h - a scroll of immolation
 m - a scroll of enchant weapon
 n - 2 scrolls of fear {unknown}
 o - a scroll of teleportation {@r4@r4}
Potions
 d - 2 potions of flight
 e - a potion of haste {unknown}
 f - 2 potions of attraction
 j - a potion of lignification
 l - 2 potions of curing {unknown}

Dungeon Overview and Level Annotations

Branches:
Dungeon (4/15)             Temple (0/1) D:4

Altars:
Fedhas
Hepliaklqana
Kikubaaqudgha

Annotations:
D:6 Menkaure

#...#####
........#####
#.....M.#...#
##.####.#P_P# ##
#.# #.#PP.## . #.#
#.##...# .# ##.#
#..#P.P#####.##
.M.#
##.......†#.F.####
.###
#....M..5@.......
.#
####P.P###...####
.# #P..# #.## .#
##.PP# (# .# #._.#
# .# #.PP# M#
##### .# ..


You could see Menkaure, a bullfrog (wandering) and an ufetubus.


Message History

The spell is quite dangerous to cast (8% risk of failure)!
Continue anyway?
Casting: Frozen Ramparts (quite dangerous; 8% risk of failure)
Press: ? - help, Dir - look around The walls around you are covered in ice.
The wall freezes the adder.
The adder closely misses you.
The ufetubus completely resists.
The wall freezes the ufetubus but do no damage.
The ufetubus hits you.
* * * LOW HITPOINT WARNING * * *
The ufetubus closely misses you.
The wall freezes the leopard gecko.
The leopard gecko bites you.
* * * LOW HITPOINT WARNING * * *
The wall freezes the adder.
The adder seems to slow down.
The adder barely misses you.
The ufetubus resists.
The wall freezes the ufetubus.
The ufetubus barely misses you. x2
You barely miss the leopard gecko.
The leopard gecko is almost dead.
The wall freezes the leopard gecko.
You kill the leopard gecko!
The ufetubus resists.
The wall freezes the ufetubus.
The ufetubus hits you.
* * * LOW HITPOINT WARNING * * *
The ufetubus hits you but does no damage.
A bullfrog comes into view.
The wall freezes the adder.
You kill the adder!
The ufetubus resists.
The wall freezes the ufetubus.
The ufetubus completely resists.
The wall freezes the ufetubus but do no damage.
The ufetubus barely misses you. The ufetubus hits you.
You die...

Skill      XL: |  1  2  3  4 |
---------------+-------------+-----
Ice Magic      | 5 6 |  6.1
Polearms       | 1 3 |  3.4
Dodging        | |  2.6
Stealth        | |  2.1
Spellcasting   | |  2.0

Action                   |  1- 3 |  4- 6 || total
-------------------------+-------+-------++-------
Melee: Dagger            |    24 |       ||    24
       Unarmed           |     6 |       ||     6
       Spear             |    23 |    54 ||    77
       Tailslap          |     2 |       ||     2
 Cast: Freeze            |    45 |    24 ||    69
       Frozen Ramparts   |       |     1 ||     1
Invok: Ancestor Identity |       |     1 ||     1
  Use: Scroll            |     7 |       ||     7
 Stab: Sleeping          |     1 |     5 ||     6
Armor: Robe              |    15 |       ||    15
       Troll leather arm |     1 |    22 ||    23
Dodge: Dodged            |    78 |    60 ||   138

Levels and vault maps discovered:
D:1:      heliophobic_arrival_enchanted_forest, layout_basic,
          corexii_item_surrounded_by_moat, glass_columns_a, skrybe_limestone_x,
          bh_walls_and_bars
D:2:      layout_basic, minmay_diced_spiral
D:3:      layout_rooms, old_standard_altar, dk_noncrumbling_4
D:4:      layout_basic, temple_hall, serial_shops, shop
D:6:      layout_loops_ring, nicolae_overflow_hidden_temple,
          grunt_temple_overflow_growth_and_decay, serial_shops, shop,
          grunt_ministairs_14, minmay_misc_feat_tower, nicolae_lava_and_water,
          kennysheep_generic_room_8, uniq_pikel, uniq_menkaure

Notes
Turn   | Place    | Note
-------+----------+-------------------------------------------
     0 | D:1      | Dracia the Merfolk Ice Elementalist began the quest for the
                  | Orb.
     0 | D:1      | Reached XP level 1. HP: 13/13 MP: 3/3
   263 | D:1      | Reached XP level 2. HP: 18/19 MP: 0/5
   409 | D:1      | Reached skill level 5 in Ice Magic
   984 | D:1      | Reached XP level 3. HP: 19/24 MP: 4/6
  1125 | D:1      | Learned a level 3 spell: Frozen Ramparts
  2258 | D:2      | Reached skill level 1 in Polearms
  2258 | D:2      | Reached XP level 4. HP: 30/30 MP: 3/7
  2262 | D:2      | Learned a level 3 spell: Ozocubu's Armour
  2935 | D:3      | Reached skill level 2 in Polearms
  2935 | D:3      | Reached skill level 6 in Ice Magic
  3146 | D:3      | Reached skill level 3 in Polearms
  3239 | D:3      | Found a hazy altar of Hepliaklqana.
  3295 | D:3      | Became a worshipper of Hepliaklqana the Forgotten
  3358 | D:4      | Reached XP level 5. HP: 31/31 MP: 8/8
  3385 | D:4      | Found a staircase to the Ecumenical Temple.
  3385 | D:4      | You fall into a shaft and drop 2 floors!
  3390 | D:6      | Noticed Menkaure
  3409 | D:6      | Found a blossoming altar of Fedhas.
  3413 | D:6      | Found an ancient bone altar of Kikubaaqudgha.
  3422 | D:6      | HP: 1/31 [leopard gecko (4)]
  3424 | D:6      | Slain by an ufetubus

Vanquished Creatures
  5 adders
  An ooze (D:3)
  A worm (D:3)
  2 dart slugs
  5 leopard geckos
  An orc (D:3)
  3 giant cockroaches
  9 goblins
  7 hobgoblins
  10 kobolds
  A quokka (D:2)
  2 ball pythons (D:1)
  7 bats
  2 frilled lizards
  8 rats
64 creatures vanquished.

Vanquished Creatures (collateral kills)
  A dart slug (D:4)
1 creature vanquished.

Grand Total: 65 creatures vanquished

Table legend: (Time is in decaauts)
 A = Elapsed time spent in this place.
 B = Non-inter-level travel time spent in this place.
 C = Inter-level travel time spent in this place.
 D = Time resting spent in this place.
 E = Time spent auto-exploring this place.
 F = Levels seen in this place.
 G = Mean time per level.
                   A        B        C        D        E       F      G
               +--------+--------+--------+--------+--------+-----+--------+
         Total |   3417 |   3292 |    125 |    536 |   2263 |   5 |  683.4 |
       Dungeon |   3417 |   3292 |    125 |    536 |   2263 |   5 |  683.4 |
               +--------+--------+--------+--------+--------+-----+--------+

Top non-repeatable levels by time:
     D:1: 1884 daAuts
     D:2: 862 daAuts
     D:3: 559 daAuts
     D:4: 72 daAuts
     D:6: 38 daAuts

Table legend:
 A = Non-vault XP
 B = Vault XP
 C = Vault XP percentage of total XP
 D = Non-vault monster count
 E = Vault monster count
 F = Vault count percentage of total count
                 A         B        C        D         E       F
            +---------+---------+-------+---------+---------+-------
      Total |     171 |       4 |   2.3 |      62 |       3 |   4.6
            +---------+---------+-------+---------+---------+-------
        D:1 |      56 |       0 |   0.0 |      33 |       0 |   0.0
        D:2 |      30 |       4 |  11.8 |      11 |       3 |  21.4
        D:3 |      71 |       0 |   0.0 |      15 |       0 |   0.0
        D:4 |       4 |       0 |   0.0 |       1 |       0 |   0.0
        D:6 |      10 |       0 |   0.0 |       2 |       0 |   0.0
            +---------+---------+-------+---------+---------+-------
